SL
CHICAGO HAWKS @ CHICAGO GOLD SOX
09/12/2017
 
TOP OF THE 1ST
Chicago Hawks batting - Pitching for Chicago Gold Sox : LHP Wayne Craig
Pitching: LHP Wayne Craig
Batting: RHB Reece White 0-0: Called Strike
0-1: Ball
1-1: Ball
2-1: Ball
3-1: DOUBLE (Line Drive, 3L)
Batting: RHB José Bravo 0-0: Ball
1-0: Called Strike
1-1: Ball
2-1: Ball
3-1: 2-RUN HOME RUN (Flyball, 8LXD), Distance : 425 ft
Batting: LHB Mal Wadley 0-0: Ball
1-0: Swinging Strike
1-1: Foul Ball, location: 2F
1-2: Strikes out looking
Batting: SHB Esteban Márquez 0-0: Foul Ball, location: 2F
0-1: Foul Ball, location: 2F
0-2: Strikes out swinging
Batting: RHB Ed Whitaker 0-0: Ball
1-0: DOUBLE (Line Drive, 7D)
Batting: RHB Raúl Hernández 0-0: Ball
Wild Pitch!
Ed Whitaker to third
1-0: Foul Ball, location: 2F
1-1: Ball
2-1: Ball
3-1: SINGLE (Line Drive, 7LS)
Ed Whitaker scores
Batting: RHB Ares Jilavian 0-0: Ball
1-0: Ball
2-0: Fielders Choice at 2nd, U6 (Groundball, 6M)
Top of the 1st over - 3 run(s), 4 hit(s), 0 error(s), 1 left on base; Chicago 3 - Chicago 0
BOTTOM OF THE 1ST
Chicago Gold Sox batting - Pitching for Chicago Hawks : RHP Markus Morgan
Pitching: RHP Markus Morgan
Batting: LHB Noel Ballard 0-0: Foul Ball, location: 2F
0-1: Ground out 1-3 (Groundball, 13S)
Batting: LHB Earl Ellis 0-0: Ball
1-0: Ball
2-0: Foul Ball, location: 2F
2-1: Called Strike
2-2: SINGLE (Groundball, 34D)
Batting: RHB Daniel Lallanilla 0-0: Called Strike
0-1: Fly out, F7 (Flyball, 78D)
Batting: LHB Vicente Martínez 0-0: Ball
1-0: Ball
2-0: Called Strike
2-1: Ball
3-1: Ground out 4-3 (Groundball, 4)
Bottom of the 1st over - 0 run(s), 1 hit(s), 0 error(s), 1 left on base; Chicago 3 - Chicago 0
TOP OF THE 2ND
Chicago Hawks batting - Pitching for Chicago Gold Sox : LHP Wayne Craig
Batting: RHB Ted Young 0-0: Ball
1-0: Called Strike
1-1: Foul Ball, location: 2F
1-2: Strikes out swinging
Batting: RHB Markus Morgan 0-0: Ball
1-0: Swinging Strike
1-1: Called Strike
1-2: SINGLE (Line Drive, 9S)
Batting: RHB Reece White 0-0: Ball
1-0: Called Strike
1-1: Called Strike
1-2: Strikes out swinging
Batting: RHB José Bravo 0-0: Foul Ball, location: 2F
0-1: Called Strike
0-2: Ball
1-2: Foul Ball, location: 2F
1-2: Strikes out swinging
Top of the 2nd over - 0 run(s), 1 hit(s), 0 error(s), 1 left on base; Chicago 3 - Chicago 0
BOTTOM OF THE 2ND
Chicago Gold Sox batting - Pitching for Chicago Hawks : RHP Markus Morgan
Batting: LHB Norm Ortega 0-0: Ball
1-0: Ground out 4-3 (Groundball, 34)
Batting: LHB Ken Norman 0-0: Foul Ball, location: 2F
0-1: Ball
1-1: Foul Ball, location: 2F
1-2: Strikes out swinging
Batting: RHB Mike Brown 0-0: Called Strike
0-1: Ball
1-1: Fly out, F7 (Flyball, 78S)
Bottom of the 2nd over - 0 run(s), 0 hit(s), 0 error(s), 0 left on base; Chicago 3 - Chicago 0
TOP OF THE 3RD
Chicago Hawks batting - Pitching for Chicago Gold Sox : LHP Wayne Craig
Batting: LHB Mal Wadley 0-0: Ground out U3 (Groundball, 3S)
Batting: SHB Esteban Márquez 0-0: Called Strike
0-1: Swinging Strike
0-2: Strikes out swinging
Batting: RHB Ed Whitaker 0-0: Called Strike
0-1: Ball
1-1: Ball
2-1: Ball
3-1: Base on Balls
Batting: RHB Raúl Hernández 0-0: Ball
1-0: Called Strike
1-1: Ground out 6-3 (Groundball, 6)
Top of the 3rd over - 0 run(s), 0 hit(s), 0 error(s), 1 left on base; Chicago 3 - Chicago 0
BOTTOM OF THE 3RD
Chicago Gold Sox batting - Pitching for Chicago Hawks : RHP Markus Morgan
Batting: RHB Leandro Tuzzi 0-0: Ground out 4-3 (Groundball, 4)
Batting: LHB Wayne Craig 0-0: Foul Ball, location: 2F
0-1: Ball
1-1: Foul Ball, location: 2F
1-2: Ground out 4-3 (Groundball, 4)
Batting: LHB Noel Ballard 0-0: Ball
1-0: Ball
2-0: Foul Ball, location: 2F
2-1: Ball
3-1: Foul Ball, location: 2F
3-2: Base on Balls
Batting: LHB Earl Ellis 0-0: Ball
1-0: Ball
Noel Ballard steals 2nd base
2-0: Ball
3-0: Called Strike
3-1: Called Strike
3-2: DOUBLE (Line Drive, 5D)
Noel Ballard scores
Batting: RHB Daniel Lallanilla 0-0: Ball
1-0: Called Strike
1-1: Fly out, F8 (Flyball, 8LM)
Bottom of the 3rd over - 1 run(s), 1 hit(s), 0 error(s), 1 left on base; Chicago 3 - Chicago 1
TOP OF THE 4TH
Chicago Hawks batting - Pitching for Chicago Gold Sox : LHP Wayne Craig
Batting: RHB Ares Jilavian 0-0: Called Strike
0-1: Fly out, F7 (Flyball, 78S)
Batting: RHB Ted Young 0-0: Ball
1-0: Ground out U3 (Groundball, 3S)
Batting: RHB Markus Morgan 0-0: Ground out 5-3 (Groundball, 5S)
Top of the 4th over - 0 run(s), 0 hit(s), 0 error(s), 0 left on base; Chicago 3 - Chicago 1
BOTTOM OF THE 4TH
Chicago Gold Sox batting - Pitching for Chicago Hawks : RHP Markus Morgan
Batting: LHB Vicente Martínez 0-0: Ball
1-0: Ball
2-0: Called Strike
2-1: Swinging Strike
2-2: Strikes out swinging
Batting: LHB Norm Ortega 0-0: Ball
1-0: SINGLE (Flyball, 7LS)
Batting: LHB Ken Norman 0-0: Ball
1-0: Fly out, F9 (Flyball, 89S)
Batting: RHB Mike Brown 0-0: Ball
1-0: Ball
2-0: Fly out, F7 (Flyball, 7M)
Bottom of the 4th over - 0 run(s), 1 hit(s), 0 error(s), 1 left on base; Chicago 3 - Chicago 1
TOP OF THE 5TH
Chicago Hawks batting - Pitching for Chicago Gold Sox : LHP Wayne Craig
Batting: RHB Reece White 0-0: Called Strike
0-1: Ball
1-1: Ground out 5-3 (Groundball, 5)
Batting: RHB José Bravo 0-0: Foul Ball, location: 2F
0-1: Swinging Strike
0-2: Ball
1-2: Fly out, F7 (Flyball, 78M)
Batting: LHB Mal Wadley 0-0: Called Strike
0-1: Called Strike
0-2: SINGLE (Line Drive, 56D)
Batting: SHB Esteban Márquez 0-0: Ball
1-0: Ball
2-0: Called Strike
2-1: Ball
3-1: Swinging Strike
3-2: Fly out, F8 (Flyball, 78D)
Top of the 5th over - 0 run(s), 1 hit(s), 0 error(s), 1 left on base; Chicago 3 - Chicago 1
BOTTOM OF THE 5TH
Chicago Gold Sox batting - Pitching for Chicago Hawks : RHP Markus Morgan
Batting: RHB Leandro Tuzzi 0-0: Called Strike
0-1: Fly out, F9 (Line Drive, 9M)
Batting: LHB Wayne Craig 0-0: Called Strike
0-1: Fly out, F7 (Flyball, 78M)
Batting: LHB Noel Ballard 0-0: SINGLE (Line Drive, 89M)
Batting: LHB Earl Ellis 0-0: Ground out 6-3 (Groundball, 6)
Bottom of the 5th over - 0 run(s), 1 hit(s), 0 error(s), 1 left on base; Chicago 3 - Chicago 1
TOP OF THE 6TH
Chicago Hawks batting - Pitching for Chicago Gold Sox : LHP Wayne Craig
Batting: RHB Ed Whitaker 0-0: Ball
1-0: Ground out 5-3 (Groundball, 5)
Batting: RHB Raúl Hernández 0-0: Called Strike
0-1: Foul Ball, location: 2F
0-2: Strikes out looking
Batting: RHB Ares Jilavian 0-0: Ball
1-0: Foul Ball, location: 2F
1-1: Fly out, F7 (Line Drive, 7D)
Top of the 6th over - 0 run(s), 0 hit(s), 0 error(s), 0 left on base; Chicago 3 - Chicago 1
BOTTOM OF THE 6TH
Chicago Gold Sox batting - Pitching for Chicago Hawks : RHP Markus Morgan
Batting: RHB Daniel Lallanilla 0-0: Ball
1-0: SINGLE (Groundball, 6MD)
Batting: LHB Vicente Martínez 0-0: Ball
Daniel Lallanilla steals 2nd base
1-0: Ball
2-0: Called Strike
2-1: Called Strike
2-2: Ground out 4-3 (Groundball, 4)
Daniel Lallanilla to third
Batting: LHB Norm Ortega 0-0: Ball
1-0: Called Strike
1-1: Ball
2-1: Called Strike
2-2: Ball
3-2: SINGLE (Line Drive, 34)
Daniel Lallanilla scores
Batting: LHB Ken Norman 0-0: Ball
1-0: Foul Ball, location: 2F
1-1: Foul Ball, location: 2F
1-2: Fly out, F8 (Flyball, 8LD)
Batting: RHB Mike Brown 0-0: Called Strike
0-1: 2-RUN HOME RUN (Flyball, 7LD), Distance : 366 ft
Batting: RHB Leandro Tuzzi 0-0: Ball
1-0: SINGLE (Line Drive, 78M)
Batting: LHB Wayne Craig 0-0: Ball
1-0: Swinging Strike
1-1: Called Strike
1-2: Foul Ball, location: 2F
1-2: Ball
2-2: Foul Ball, location: 2F
2-2: Foul Ball, location: 2F
2-2: Ground out 2-3 (Groundball, 2L)
Bottom of the 6th over - 3 run(s), 4 hit(s), 0 error(s), 1 left on base; Chicago 3 - Chicago 4
TOP OF THE 7TH
Chicago Hawks batting - Pitching for Chicago Gold Sox : LHP Wayne Craig
Batting: RHB Ted Young 0-0: Ball
1-0: Foul Ball, location: 2F
1-1: Ball
2-1: Called Strike
2-2: Strikes out looking
Pinch Hitting: LHB Bobby Moore 0-0: Ball
1-0: Called Strike
1-1: Ground out 4-3 (Groundball, 4)
Batting: RHB Reece White 0-0: Ball
1-0: Called Strike
1-1: Ground out 4-3 (Groundball, 4)
Top of the 7th over - 0 run(s), 0 hit(s), 0 error(s), 0 left on base; Chicago 3 - Chicago 4
BOTTOM OF THE 7TH
Chicago Gold Sox batting - Pitching for Chicago Hawks : RHP Markus Morgan
Pitching: LHP Bubba Foster
Batting: LHB Noel Ballard 0-0: Swinging Strike
0-1: Ball
1-1: Ground out 1-3 (Groundball, 23)
Pitching: RHP Paco Galván
Batting: LHB Earl Ellis 0-0: Foul Ball, location: 2F
0-1: Swinging Strike
0-2: Ball
1-2: Foul Ball, location: 2F
1-2: DOUBLE (Line Drive, 89M)
Batting: RHB Daniel Lallanilla 0-0: Called Strike
0-1: Called Strike
0-2: SINGLE (Line Drive, 34D)
Earl Ellis to third
Batting: LHB Vicente Martínez 0-0: Ball
Daniel Lallanilla is caught stealing 2nd base
1-0: Ball
2-0: Ball
3-0: Base on Balls
Batting: LHB Norm Ortega 0-0: 3-RUN HOME RUN (Flyball, 89XD), Distance : 403 ft
Pitching: RHP David Teive
Batting: LHB Ken Norman 0-0: Foul Ball, location: 2F
0-1: SINGLE (Groundball, 3L)
Batting: RHB Mike Brown 0-0: Called Strike
0-1: Ball
1-1: Ball
2-1: SINGLE (Groundball, 4MD)
Ken Norman to second
Ken Norman to third
Batting: RHB Leandro Tuzzi 0-0: Ball
1-0: Ball
2-0: Called Strike
2-1: Foul Ball, location: 2F
2-2: Ground out 1-3 (Groundball, 25)
Bottom of the 7th over - 3 run(s), 5 hit(s), 0 error(s), 2 left on base; Chicago 3 - Chicago 7
TOP OF THE 8TH
Chicago Hawks batting - Pitching for Chicago Gold Sox : LHP Wayne Craig
Batting: RHB José Bravo 0-0: Called Strike
0-1: Called Strike
0-2: Foul Ball, location: 2F
0-2: Ball
1-2: Ball
2-2: Ball
3-2: Foul Ball, location: 2F
3-2: Ground out 6-3 (Groundball, 6M)
Batting: LHB Mal Wadley 0-0: Ball
1-0: Ball
2-0: Ground out 4-3 (Groundball, 4)
Batting: SHB Esteban Márquez 0-0: Swinging Strike
0-1: Foul Ball, location: 2F
0-2: Ball
1-2: Ball
2-2: Strikes out swinging
Top of the 8th over - 0 run(s), 0 hit(s), 0 error(s), 0 left on base; Chicago 3 - Chicago 7
BOTTOM OF THE 8TH
Chicago Gold Sox batting - Pitching for Chicago Hawks : RHP David Teive
Pinch Hitting: LHB Mike Blue 0-0: Called Strike
0-1: SINGLE (Line Drive, 78M)
Batting: LHB Noel Ballard 0-0: Ball
1-0: Swinging Strike
1-1: Called Strike
1-2: Ball
2-2: Ball
3-2: Base on Balls
Mike Blue to second
Batting: LHB Earl Ellis 0-0: Called Strike
0-1: Ball
1-1: Ball
2-1: Foul Ball, location: 2F
2-2: Ground out 4-3 (Groundball, 4MS)
Mike Blue to third
Noel Ballard to second
Batting: RHB Daniel Lallanilla 0-0: Ball
1-0: Ball
2-0: SINGLE (Groundball, 56D)
Mike Blue scores
Noel Ballard to third
Runner from 3rd tries for Home, SAFE, no throw or cutoff
Pitching: RHP Ademar Sant' Ana
Batting: LHB Vicente Martínez 0-0: Called Strike
Daniel Lallanilla is caught stealing 2nd base
0-1: Ball
1-1: Ball
2-1: Ground out 4-3 (Groundball, 4)
Bottom of the 8th over - 2 run(s), 2 hit(s), 0 error(s), 0 left on base; Chicago 3 - Chicago 9
TOP OF THE 9TH
Chicago Hawks batting - Pitching for Chicago Gold Sox : LHP Wayne Craig
Pitching: LHP Billy Black
Now at C: Júlio García
Batting: RHB Ed Whitaker 0-0: Called Strike
0-1: Ball
1-1: DOUBLE (Flyball, 89D)
Batting: RHB Raúl Hernández 0-0: Called Strike
0-1: Ball
1-1: Ball
2-1: Fly out, F9 (Flyball, 9M)
Batting: RHB Ares Jilavian 0-0: Ball
1-0: Called Strike
1-1: Ball
2-1: Called Strike
2-2: Ball
3-2: Base on Balls
Batting: RHB Ted Young 0-0: Called Strike
0-1: Swinging Strike
0-2: Ball
1-2: Ball
2-2: Strikes out swinging
Pinch Hitting: LHB Craig Lovins 0-0: Ball
1-0: Called Strike
1-1: Foul Ball, location: 2F
1-2: Ball
2-2: Ground out 4-3 (Groundball, 4)
Top of the 9th over - 0 run(s), 1 hit(s), 0 error(s), 2 left on base; Chicago 3 - Chicago 9
This league is powered by Out of the Park Baseball, the baseball management simulation game for PC, Mac and Linux
Saturday, February 27th, 2021 - OOTP Baseball 15.6 Build 34